AoeStats
← Ranzenhans

Arabia

508279375Analyzed
1v1 RM · 10d ago on Sep 21, 2026· 33m 29s· 2 players
Game mode
Random Map
Map size
Tiny (2 player)
Population
200
Speed
Normal
Resources
Standard
Victory
Conquest
Starting age
Dark Age
Ending age
Imperial Age
RankedLock teamsTeams togetherTeam positionsShared explorationLock speedFull tech treeHidden civsTurbo modeCheats
Victory
Defeat
🇵🇰 Berbers · Pakistan
1084
+14
🇩🇪 Maya · Germany
1044
-14
I love villagers
6:38 Loom
9:09 Feudal Age
10:35 Double-Bit Axe
11:04 Horse Collar
18:34 Forging
21:27 Castle Age
20:18 Scale Barding Armor
20:30 Bloodlines
21:24 Horse Collar
21:35 Gold Mining
22:09 Scale Barding Armor
25:21 Gold Shaft Mining
25:03 Bow Saw
26:41 Heavy Plow
28:14 Chain Barding Armor
28:32 Husbandry
30:11 Iron Casting
Ranzenhans
0:37 Loom
11:29 Feudal Age
19:08 Castle Age
17:09 Stone Mining
17:11 Gold Mining
19:46 Double-Bit Axe
20:03 Fletching
20:13 Padded Archer Armor
20:54 Horse Collar
24:59 Heavy Plow
26:28 Leather Archer Armor
29:59 Wheelbarrow
30:36 Bodkin Arrow
Connection lost

Rejoining the realm…

Still unreachable

The connection could not be restored.

Session expired

The server has moved on; the page needs a fresh start.